[Event "Late-Titled-Tuesday-Blitz-March-05-2024"]
[Site "Chess.com"]
[Date "2024.03.05"]
[Round "1"]
[White "DonBroca"]
[Black "Zorbos"]
[Result "0-1"]
[WhiteElo "2147"]
[BlackElo "2556"]
[TimeControl "180+1"]
[EndTime "14:01:34 PST"]
[Termination "Zorbos won by resignation"]

1. e4 c5 2. c3 Nf6 3. e5 Nd5 4. d4 cxd4 5. Nf3 Nc6 6. Bc4 Nb6 7. Bb3 d6 8. exd6 e6 9. Nxd4 Nxd4 10. Qxd4 Qxd6 11.
O-O Qxd4 12. c4 0-1

[Event "Late-Titled-Tuesday-Blitz-March-05-2024"]
[Site "Chess.com"]
[Date "2024.03.05"]
[Round "1"]
[White "Casper"]
[Black "Harsha_Bharathakoti"]
[Result "0-1"]
[WhiteElo "2517"]
[BlackElo "2966"]
[TimeControl "180+1"]
[EndTime "14:01:37 PST"]
[Termination "Harsha_Bharathakoti won by resignation"]

1. Nf3 d5 2. b3 Bf5 3. Bb2 e6 4. e3 h6 5. Be2 Nf6 6. O-O Be7 7. c4 O-O 8. Nc3 c6 9. d4 Nbd7 10. Bd3 Bxd3 11. Qxd3 Qa5 12. a3 Rad8 13. e4 dxc4 14.
Qxc4 e5 15. dxe5 Nxe5 16. Nxe5 Qxe5 17. Nd5 cxd5 0-1

[Event "Late-Titled-Tuesday-Blitz-March-05-2024"]
[Site "Chess.com"]
[Date "2024.03.05"]
[Round "1"]
[White "PositionalPanther"]
[Black "IngOscarArdila"]
[Result "0-1"]
[WhiteElo "2610"]
[BlackElo "2337"]
[TimeControl "180+1"]
[EndTime "14:01:50 PST"]
[Termination "IngOscarArdila won by checkmate"]

1. d4 Nf6 2. Bg5 e6 3. Nd2 h6 4. Bh4 d5 5. e3 Be7 6. Bd3 Nbd7 7. f4 c5 8. c3 cxd4 9. exd4 Qc7 10. Ne2 O-O 11.
Nf3 b6 12. Ne5 a5 13. O-O Ba6 14. Bxa6 Rxa6 15. Qd3 Raa8 16. Kh1 Rfe8 17. Rg1 Ne4 18. Bxe7 Nf2# 0-1

[Event "Late-Titled-Tuesday-Blitz-March-05-2024"]
[Site "Chess.com"]
[Date "2024.03.05"]
[Round "1"]
[White "chucksterf10"]
[Black "AlexNovitz"]
[Result "1-0"]
[WhiteElo "2573"]
[BlackElo "2209"]
[TimeControl "180+1"]
[EndTime "14:02:09 PST"]
[Termination "chucksterf10 won by resignation"]

1. d3 d5 2. e4 dxe4 3. dxe4 Qxd1+ 4. Kxd1 e5 5. c3 Be6 6. Kc2 Bc5 7. f3 Ne7 8. a4 a5 9. Nd2 Nd7 10. Bc4 Bxc4 11. Nxc4 O-O 12. Ne2 Nb6 13. Nxe5 Rad8 14.
b3 f5 15. Nd3 Bd6 16. e5 1-0

[Event "Late-Titled-Tuesday-Blitz-March-05-2024"]
[Site "Chess.com"]
[Date "2024.03.05"]
[Round "1"]
[White "andrzej"]
[Black "VojtechPlat"]
[Result "0-1"]
[WhiteElo "2492"]
[BlackElo "2851"]
[TimeControl "180+1"]
[EndTime "14:02:20 PST"]
[Termination "VojtechPlat won by resignation"]

1. e4 d6 2. d4 Nf6 3. Nc3 e5 4. Nf3 exd4 5. Nxd4 g6 6. Be3 Bg7 7. f3 O-O 8. Qd2 d5 9. Bg5 dxe4 10. Nxe4 Nxe4 11.
Bxd8 Nxd2 12. Kxd2 Rxd8 0-1

[Event "Late-Titled-Tuesday-Blitz-March-05-2024"]
[Site "Chess.com"]
[Date "2024.03.05"]
[Round "1"]
[White "LastHeroJr"]
[Black "Shtembuliak"]
[Result "0-1"]
[WhiteElo "2491"]
[BlackElo "2842"]
[TimeControl "180+1"]
[EndTime "14:02:22 PST"]
[Termination "Shtembuliak won by resignation"]

1. e4 d6 2. Nc3 c5 3. g3 g6 4. Bg2 Bg7 5. d3 Nc6 6. f4 Nh6 7. Nf3 O-O 8. O-O f5 9. Be3 Nd4 10. h3 Nf7 11. Rb1 Bd7 12. Ne2 Nxf3+ 13. Bxf3 Bc6 14.
Bg2 Qd7 15. Qd2 Rae8 16. c3 e5 17. fxe5 Nxe5 18. Nf4 fxe4 19. Bxe4 d5 20. Bg2 d4 21.
cxd4 cxd4 22. Bf2 Bxg2 23. Kxg2 Qc6+ 0-1

[Event "Late-Titled-Tuesday-Blitz-March-05-2024"]
[Site "Chess.com"]
[Date "2024.03.05"]
[Round "1"]
[White "GotCheeseCheckers"]
[Black "Beca95"]
[Result "0-1"]
[WhiteElo "2518"]
[BlackElo "2979"]
[TimeControl "180+1"]
[EndTime "14:02:58 PST"]
[Termination "Beca95 won by resignation"]

1. e4 c5 2. Nf3 e6 3. c3 d5 4. exd5 exd5 5. d4 Nf6 6. Bg5 Be7 7. dxc5 Bxc5 8. Bb5+ Nc6 9. O-O Be7 10. Nbd2 O-O 11. Nb3 h6 12. Bh4 Qb6 13. Bd3 Bg4 14. h3 Bd7 15. Re1 Rfe8 16. Qd2 Rad8 17. Nfd4 a6 18. Nf5 Bxf5 19. Bxf5 Ne4 20. Bxe7 Nxd2 21. Bxd8 Rxd8 22. Nxd2 Qxb2 0-1

[Event "Late-Titled-Tuesday-Blitz-March-05-2024"]
[Site "Chess.com"]
[Date "2024.03.05"]
[Round "1"]
[White "Zavgorodniy_Sergiy"]
[Black "Teidi96"]
[Result "1-0"]
[WhiteElo "2619"]
[BlackElo "2312"]
[TimeControl "180+1"]
[EndTime "14:03:00 PST"]
[Termination "Zavgorodniy_Sergiy won by resignation"]

1. d4 Nf6 2. c4 e6 3. Nf3 d5 4. e3 Be7 5. Nbd2 O-O 6. Bd3 a6 7. O-O dxc4 8. Nxc4 b5 9. Nce5 Bb7 10. a4 b4 11. b3 c5 12. Bb2 Nbd7 13. Rc1 cxd4 14. Bxd4 Nxe5 15. Nxe5 Qd5 16. f3 Rac8 17. Qe2 Qxb3 18.
Bxa6 Bxa6 19. Qxa6 Nd5 20. Rxc8 Nxe3 21. Rxf8+ Bxf8 22. Qa7 Nxf1 23. Qxf7+ 1-0

[Event "Late-Titled-Tuesday-Blitz-March-05-2024"]
[Site "Chess.com"]
[Date "2024.03.05"]
[Round "1"]
[White "Sanan_Sjugirov"]
[Black "corvachesky"]
[Result "1-0"]
[WhiteElo "2995"]
[BlackElo "2520"]
[TimeControl "180+1"]
[EndTime "14:03:21 PST"]
[Termination "Sanan_Sjugirov won by resignation"]

1. e4 c6 2. d4 d5 3. e5 c5 4. dxc5 e6 5. Nf3 Nd7 6. c3 Nxc5 7. Nbd2 Ne7 8. Nb3 Ng6 9. h4 Be7 10. h5 Nf8 11. h6 g6 12. Nxc5 Bxc5 13. Bg5 Be7 14.
Qd2 Nd7 15. Bb5 a6 16. Bxd7+ Bxd7 17. O-O Bxg5 18. Nxg5 Qe7 19. Rfe1 O-O 20. Nf3 Rac8 21. Rad1 Ba4 22. Rc1 Rc7 23. Qf4 Rfc8 24. Qxa4 1-0

[Event "Late-Titled-Tuesday-Blitz-March-05-2024"]
[Site "Chess.com"]
[Date "2024.03.05"]
[Round "1"]
[White "MathiasWomacka"]
[Black "Jospem"]
[Result "0-1"]
[WhiteElo "2526"]
[BlackElo "3097"]
[TimeControl "180+1"]
[EndTime "14:03:25 PST"]
[Termination "Jospem won by resignation"]

1. e4 c5 2. Nf3 d6 3. d4 cxd4 4. Nxd4 a6 5. c4 e6 6. Nc3 Nf6 7. Be2 b6 8. Be3 Bb7 9. f3 h5 10. O-O Nbd7 11. Qd2 Be7 12. a4 Qb8 13. a5 bxa5 14.
Nb3 Bxe4 15. Nxa5 Bb7 16. b4 O-O 17. b5 axb5 18. cxb5 Rc8 19. Rfc1 d5 20. Kh1 Bb4 21.
Nxb7 Rxa1 0-1

[Event "Late-Titled-Tuesday-Blitz-March-05-2024"]
[Site "Chess.com"]
[Date "2024.03.05"]
[Round "1"]
[White "Cambek64"]
[Black "YQPerez"]
[Result "0-1"]
[WhiteElo "2464"]
[BlackElo "2798"]
[TimeControl "180+1"]
[EndTime "14:03:36 PST"]
[Termination "YQPerez won by resignation"]

1. e3 d5 2. d4 Nf6 3. c4 g6 4.
Nc3 Bg7 5. Nf3 O-O 6. Be2 c5 7.
O-O cxd4 8. Nxd4 e5 9. Nb3 dxc4 10. Qxd8 Rxd8 11. Bxc4 a6 12. a4 Nc6 13. Re1 Nb4 14. Rd1 Rxd1+ 15. Nxd1 Bf5 16. Nc3 Nc2 17. Ra2 Rc8 18.
Nd2 Bf8 19. Kf1 Rxc4 20. e4 Be6 21. Nxc4 Bxc4+ 22. Kg1 Bxa2 23. Nxa2 Nxe4 24. Kf1 Nb4 25. Ke2 Nxa2 0-1

[Event "Late-Titled-Tuesday-Blitz-March-05-2024"]
[Site "Chess.com"]
[Date "2024.03.05"]
[Round "1"]
[White "Fh2411"]
[Black "Burgsvik"]
[Result "1-0"]
[WhiteElo "2649"]
[BlackElo "2361"]
[TimeControl "180+1"]
[EndTime "14:03:41 PST"]
[Termination "Fh2411 won by resignation"]

1. d4 c5 2. d5 g6 3. c4 Bg7 4.
Nc3 Na6 5. Nf3 d6 6. Bf4 Nc7 7.
h3 Bd7 8. a4 Na6 9. e3 Nb4 10.
Be2 Nh6 11. O-O a6 12. Qd2 f6 13.
Na2 a5 14. Nc3 Nf7 15. Rae1 O-O 16. b3 e5 17. dxe6 Bxe6 18. Rd1 f5 19. Nb5 d5 20.
Nc7 Rc8 21. Nxe6 1-0

[Event "Late-Titled-Tuesday-Blitz-March-05-2024"]
[Site "Chess.com"]
[Date "2024.03.05"]
[Round "1"]
[White "VinzentSpitzl"]
[Black "ventdelest"]
[Result "1-0"]
[WhiteElo "2547"]
[BlackElo "2067"]
[TimeControl "180+1"]
[EndTime "14:03:51 PST"]
[Termination "VinzentSpitzl won by resignation"]

1. e4 d6 2. d4 Nf6 3. Nc3 g6 4. Be3 Bg7 5. h3 O-O 6. Nge2 e5 7. g4 exd4 8. Bxd4 Nc6 9. Be3 Re8 10. Bg2 Be6 11.
O-O h5 12. g5 Nd7 13. Qd2 Nb6 14. b3 d5 15. exd5 Nxd5 16. Nxd5 Bxd5 17. Qxd5 Qxd5 18.
Bxd5 Bxa1 19. Bxc6 bxc6 20. Rxa1 a5 21. a4 c5 22. Nc3 c4 23. Nd5 Rec8 24. Ne7+ 1-0

[Event "Late-Titled-Tuesday-Blitz-March-05-2024"]
[Site "Chess.com"]
[Date "2024.03.05"]
[Round "1"]
[White "marcodobrikov"]
[Black "PapaieDudu"]
[Result "0-1"]
[WhiteElo "2705"]
[BlackElo "2439"]
[TimeControl "180+1"]
[EndTime "14:03:52 PST"]
[Termination "PapaieDudu won by checkmate"]

1. d4 d5 2. c4 e6 3. Nc3 Nf6 4. Qb3 a6 5. Bg5 dxc4 6. Qxc4 b5 7. Qd3 c5 8. Qf3 cxd4 9. Qxa8 dxc3 10. bxc3 Qc7 11. Bxf6 Bb7 12. Be5 Qxe5 13. Qxb7 Qxc3+ 14. Kd1 Qxa1+ 15. Kc2 Qxa2+ 16. Kd3 Qb3+ 17. Ke4 f5+ 18. Kf4 Bd6+ 19. Kg5 O-O 20. Nf3 h6+ 21. Kg6 Rf6+ 22. Kh5 Qb4 23. e4 fxe4 24. Nh4 g6+ 25. Nxg6 Qc5+ 26.
Kxh6 Bf8+ 27. Qg7+ Bxg7# 0-1

[Event "Late-Titled-Tuesday-Blitz-March-05-2024"]
[Site "Chess.com"]
[Date "2024.03.05"]
[Round "1"]
[White "Azerichess"]
[Black "EsmeraldasAnderson03"]
[Result "1-0"]
[WhiteElo "3050"]
[BlackElo "2523"]
[TimeControl "180+1"]
[EndTime "14:03:55 PST"]
[Termination "Azerichess won by resignation"]

1. d4 d5 2. c4 dxc4 3. Nf3 Nf6 4. e3 a6 5. Bxc4 e6 6. O-O c5 7.
b3 Be7 8. Bb2 O-O 9. dxc5 Bxc5 10. Nbd2 b6 11. Rc1 Bb7 12. Qc2 Nc6 13. Rfd1 Qe7 14.
Ng5 e5 15. a3 Bxa3 16. Bxa3 Qxa3 17. Nxf7 Rxf7 18. Bxf7+ Kxf7 19. Nc4 Rd8 20. Nxa3 1-0

[Event "Late-Titled-Tuesday-Blitz-March-05-2024"]
[Site "Chess.com"]
[Date "2024.03.05"]
[Round "1"]
[White "Hongjin"]
[Black "Dzidzik2203"]
[Result "1-0"]
[WhiteElo "2672"]
[BlackElo "2389"]
[TimeControl "180+1"]
[EndTime "14:03:56 PST"]
[Termination "Hongjin won by resignation"]

1. e4 c5 2. Be2 d5 3. d3 Nf6 4. e5 Nfd7 5. f4 Nc6 6. Nf3 e6 7. O-O a6 8. c4 Nb6 9. Nc3 Be7 10. Qe1 Nd4 11. Nxd4 cxd4 12. Nd1 dxc4 13. dxc4 d3 14. Bf3 Nxc4 15. Qc3 b5 16. Bxa8 O-O 17. Be3 Qc7 18.
b3 1-0

[Event "Late-Titled-Tuesday-Blitz-March-05-2024"]
[Site "Chess.com"]
[Date "2024.03.05"]
[Round "1"]
[White "HamedWafa4"]
[Black "The_Straightforward_Rook"]
[Result "1-0"]
[WhiteElo "2743"]
[BlackElo "2444"]
[TimeControl "180+1"]
[EndTime "14:03:58 PST"]
[Termination "HamedWafa4 won by checkmate"]

1. e4 e5 2. Nf3 Nc6 3. Bb5 Nf6 4. d3 Bc5 5. Bxc6 dxc6 6. Nbd2 Nd7 7. Nc4 f6 8. a4 a5 9. Be3 O-O 10. O-O Qe7 11.
Re1 b6 12. c3 Bxe3 13. Nxe3 Nc5 14. b4 axb4 15. cxb4 Ne6 16. Nf5 Qf7 17. Qc2 c5 18. b5 Nd4 19. N3xd4 exd4 20. a5 Bxf5 21. exf5 Qd5 22.
a6 Qxf5 23. Qc4+ Kh8 24. Re4 h5 25. Rae1 Qc8 26. Qd5 c6 27. Qxh5+ Kg8 28. Re7 cxb5 29. Rxg7+ Kxg7 30. Re7+ Kg8 31. Qh7# 1-0

[Event "Late-Titled-Tuesday-Blitz-March-05-2024"]
[Site "Chess.com"]
[Date "2024.03.05"]
[Round "1"]
[White "jcibarra"]
[Black "MFatigue"]
[Result "1-0"]
[WhiteElo "2944"]
[BlackElo "2511"]
[TimeControl "180+1"]
[EndTime "14:04:14 PST"]
[Termination "jcibarra won by checkmate"]

1. e4 e6 2. d4 d5 3. Nc3 Nf6 4. Bg5 Be7 5. e5 Nfd7 6. Bxe7 Qxe7 7. Qg4 O-O 8. Bd3 c5 9. Nf3 f5 10. exf6 Nxf6 11. Qh4 cxd4 12. Bxh7+ Kf7 13. Bg6+ Kxg6 14. Ne5+ Kf5 15. g4+ Kxe5 16. Qg3# 1-0

[Event "Late-Titled-Tuesday-Blitz-March-05-2024"]
[Site "Chess.com"]
[Date "2024.03.05"]
[Round "1"]
[White "finec2"]
[Black "yaguigor"]
[Result "0-1"]
[WhiteElo "2202"]
[BlackElo "2573"]
[TimeControl "180+1"]
[EndTime "14:04:14 PST"]
[Termination "yaguigor won by resignation"]

1. e4 c5 2. Nf3 Nc6 3. Bb5 g6 4. O-O Bg7 5. Re1 Nf6 6. e5 Nd5 7. Nc3 Nc7 8. Bxc6 dxc6 9. Ne4 b6 10. Nf6+ Kf8 11. Ne4 Bg4 12. d3 Ne6 13. h3 Bxf3 14. Qxf3 Bxe5 15. Nxc5 Nd4 16. Qd1 Bg7 17. Ne4 h6 18. c3 Nf5 19. d4 Kg8 20. Bf4 Kh7 21. Qd2 Re8 22. Rad1 Qd5 23. b3 Rad8 24. g4 Nh4 25.
Qe2 f5 26. Bg3 g5 27. c4 Qxe4 0-1

[Event "Late-Titled-Tuesday-Blitz-March-05-2024"]
[Site "Chess.com"]
[Date "2024.03.05"]
[Round "1"]
[White "DraningWaterHi"]
[Black "chessisveryfun1264"]
[Result "0-1"]
[WhiteElo "2190"]
[BlackElo "2570"]
[TimeControl "180+1"]
[EndTime "14:04:16 PST"]
[Termination "chessisveryfun1264 won by checkmate"]

1. d4 e6 2. Nf3 b6 3. c4 Bb7 4. Nc3 Bb4 5. Bd2 f5 6. g3 Bxf3 7. exf3 Nf6 8. Bg2 O-O 9. f4 Nc6 10. a3 Bxc3 11. Bxc3 d5 12. Qe2 Ne4 13. f3 Nxc3 14. bxc3 Re8 15. O-O Na5 16. cxd5 exd5 17. Qd3 Nc4 18. Rfe1 g6 19. a4 Qd7 20. h4 Rxe1+ 21. Rxe1 Re8 22. Rxe8+ Qxe8 23. Qc2 Qe1+ 24. Kh2 Ne3 25. Qa2 a5 26. Kh3 Qg1 27. Qe2 c5 28. h5 gxh5 29. Qb2 Qxg2+ 30. Qxg2 Nxg2 31. Kxg2 h4 32. gxh4 h5 33. Kf2 Kf7 34. Ke2 Ke6 35. Kd3 Kd6 36.
Kc2 Kc6 37. Kb3 cxd4 38. cxd4 b5 39. Ka3 bxa4 40. Kxa4 Kb6 41. Ka3 Kb5 42. Kb3 a4+ 43. Ka3 Kc4 44. Kxa4 Kxd4 45. Kb4 Ke3 46. Kc5 d4 47. Kd5 d3 48. Ke5 d2 49. Kxf5 d1=Q 50. Kg5 Qxf3 51. f5 Qg4+ 52. Kf6 Ke4 53. Ke7 Qxh4+ 54. f6 Ke5 55. Ke8 Qxf6 56. Kd7 h4 57.
Ke8 Qg7 58. Kd8 Kd6 59. Kc8 Qc7# 0-1

[Event "Late-Titled-Tuesday-Blitz-March-05-2024"]
[Site "Chess.com"]
[Date "2024.03.05"]
[Round "1"]
[White "BillCoe"]
[Black "Bugcrusher"]
[Result "0-1"]
[WhiteElo "2122"]
[BlackElo "2551"]
[TimeControl "180+1"]
[EndTime "14:04:17 PST"]
[Termination "Bugcrusher won by resignation"]

1. e4 c6 2. d4 d5 3. Nc3 dxe4 4. Nxe4 Nf6 5. Nxf6+ exf6 6. Nf3 Bd6 7. h3 O-O 8. Bd3 Re8+ 9. Be3 Nd7 10. O-O Nf8 11. c4 Ng6 12. Qd2 Bc7 13. a3 Qd6 14.
b4 Nh4 15. Rfe1 Nxf3+ 16. gxf3 Qh2+ 17. Kf1 Bxh3+ 18. Ke2 Bg2 19. Rg1 Bf4 20. Be4 Bxe3 21. fxe3 Bxf3+ 22. Kxf3 Qxd2 0-1

[Event "Late-Titled-Tuesday-Blitz-March-05-2024"]
[Site "Chess.com"]
[Date "2024.03.05"]
[Round "1"]
[White "FairChess_on_YouTube"]
[Black "LangesNasenhaar"]
[Result "1-0"]
[WhiteElo "3098"]
[BlackElo "2528"]
[TimeControl "180+1"]
[EndTime "14:04:21 PST"]
[Termination "FairChess_on_YouTube won by resignation"]

1. Nf3 g6 2. e4 Bg7 3. d4 c6 4. Bd3 d5 5. Nbd2 dxe4 6. Nxe4 Nf6 7.
Nxf6+ exf6 8. O-O O-O 9. Re1 Nd7 10. Bf4 Qb6 11. Bd6 Rd8 12. Be7 Re8 13. Ba3 Rxe1+ 14. Qxe1 Nf8 15. Qe8 Qc7 16. Re1 Qd7 17. Re7 Qxe8 18.
Rxe8 b6 19. Ba6 Bb7 20. Rxf8+ Bxf8 21. Bxb7 Rb8 22. Bxc6 Bxa3 23. bxa3 Kf8 24. Kf1 Ke7 25. Ke2 Kd6 26. d5 b5 27. Kd3 Kc5 28. Nd2 f5 29. Nb3+ Kd6 30. Kd4 f6 31. Nc5 Ke7 32. Nb7 1-0

[Event "Late-Titled-Tuesday-Blitz-March-05-2024"]
[Site "Chess.com"]
[Date "2024.03.05"]
[Round "1"]
[White "valeriocarnicelli"]
[Black "SmirnovTimofey2000"]
[Result "1-0"]
[WhiteElo "2538"]
[BlackElo "1974"]
[TimeControl "180+1"]
[EndTime "14:04:22 PST"]
[Termination "valeriocarnicelli won by resignation"]

1. Nf3 d5 2. g3 Bf5 3. Bg2 e6 4. O-O Nf6 5. d3 Be7 6. Nbd2 O-O 7. Re1 c6 8. e4 dxe4 9. dxe4 Nxe4 10. Nh4 Bxh4 11. Nxe4 Bxe4 12. Bxe4 Qxd1 13. Rxd1 Rd8 14. Be3 Rxd1+ 15. Rxd1 Bf6 16. c3 Na6 17. Rd7 Rb8 18.
Bxa7 Ra8 19. Rxb7 Kf8 20. Bxc6 Rd8 21. Rd7 Rxd7 22. Bxd7 1-0

[Event "Late-Titled-Tuesday-Blitz-March-05-2024"]
[Site "Chess.com"]
[Date "2024.03.05"]
[Round "1"]
[White "Licancabur"]
[Black "ContrVersia"]
[Result "0-1"]
[WhiteElo "2497"]
[BlackElo "2868"]
[TimeControl "180+1"]
[EndTime "14:04:23 PST"]
[Termination "ContrVersia won by resignation"]

1. d4 Nf6 2. Bg5 c5 3. Nc3 d5 4.
Bxf6 gxf6 5. e3 Nc6 6. dxc5 e6 7. Nf3 Bxc5 8. Be2 f5 9. a3 Qf6 10. Qd2 Bd7 11. Na4 Be7 12. Nd4 Nxd4 13. exd4 Bxa4 14.
Qa5 Bc6 15. O-O-O O-O 16. g4 fxg4 17. Rdg1 Kh8 18. Rxg4 Qxf2 19. Qd2 Rg8 20. h3 f5 21. Rf1 Qxf1+ 22. Bxf1 fxg4 23. hxg4 Bg5 0-1

[Event "Late-Titled-Tuesday-Blitz-March-05-2024"]
[Site "Chess.com"]
[Date "2024.03.05"]
[Round "1"]
[White "ameetghasi100"]
[Black "esrosenberg"]
[Result "1-0"]
[WhiteElo "2762"]
[BlackElo "2450"]
[TimeControl "180+1"]
[EndTime "14:04:24 PST"]
[Termination "ameetghasi100 won by checkmate"]

1. b3 d5 2. Bb2 c6 3. h3 Nf6 4. d3 h6 5. a3 Bf5 6. Nd2 e6 7. e3 Nbd7 8. Be2 Bh7 9. Ngf3 Bd6 10. O-O a5 11. Re1 Qc7 12. Bf1 O-O-O 13. c4 g5 14. cxd5 exd5 15. Nd4 Kb8 16. b4 Ne5 17. Qb3 g4 18. h4 g3 19. f4 Neg4 20. bxa5 Ka8 21. Rac1 Nf2 22. Nb5 Qxa5 23. Nxd6 Rxd6 24. Qb4 Qxb4 25. axb4 Bxd3 26. Be5 Re6 27. Bxd3 Nxd3 28. Ra1# 1-0

[Event "Late-Titled-Tuesday-Blitz-March-05-2024"]
[Site "Chess.com"]
[Date "2024.03.05"]
[Round "1"]
[White "ckgchess"]
[Black "cristianserban1"]
[Result "1-0"]
[WhiteElo "2920"]
[BlackElo "2509"]
[TimeControl "180+1"]
[EndTime "14:04:32 PST"]
[Termination "ckgchess won by resignation"]

1. e4 e5 2. Nf3 Nc6 3. Bc4 Bc5 4.
c3 Nf6 5. d4 exd4 6. cxd4 Bb4+ 7. Nbd2 Nxe4 8. d5 Na5 9. Bd3 Nxd2 10. Bxd2 Bxd2+ 11. Qxd2 b6 12. O-O O-O 13. Rae1 Nb7 14.
b4 Nd6 15. Re5 Re8 16. Rfe1 Rxe5 17. Rxe5 Ne8 18. Qf4 d6 19. Bxh7+ Kxh7 20. Ng5+ Kg6 21. Qxf7+ Kh6 22. Rxe8 1-0

[Event "Late-Titled-Tuesday-Blitz-March-05-2024"]
[Site "Chess.com"]
[Date "2024.03.05"]
[Round "1"]
[White "WilsonPalencia21"]
[Black "igorknyazev"]
[Result "1-0"]
[WhiteElo "2575"]
[BlackElo "2212"]
[TimeControl "180+1"]
[EndTime "14:04:33 PST"]
[Termination "WilsonPalencia21 won by resignation"]

1. d4 Nf6 2. c4 c5 3. d5 b5 4. cxb5 a6 5. bxa6 Bxa6 6. Nc3 g6 7. e4 Bxf1 8. Kxf1 d6 9. g3 Bg7 10. Kg2 O-O 11. Nf3 Qa5 12. a4 Ng4 13. Qc2 Na6 14. Bd2 Nb4 15. Qb1 Qb6 16. Nb5 Rxa4 17. Rxa4 Qxb5 18. Ra3 Nxf2 19. Kxf2 Bxb2 20. Rb3 Bd4+ 21.
Nxd4 cxd4 22. Rxb4 Qc5 23. Rc1 Qa7 24. Qa1 Qd7 25.
Qxd4 Qh3 26. Kg1 f5 27. e5 f4 28. Bxf4 dxe5 29. Qxe5 h5 30. Qe6+ Kh7 31. Qxh3 1-0

[Event "Late-Titled-Tuesday-Blitz-March-05-2024"]
[Site "Chess.com"]
[Date "2024.03.05"]
[Round "1"]
[White "ansko1999"]
[Black "Chernov_Mikhail"]
[Result "1-0"]
[WhiteElo "2703"]
[BlackElo "2409"]
[TimeControl "180+1"]
[EndTime "14:04:36 PST"]
[Termination "ansko1999 won by resignation"]

1. Nf3 d5 2. e3 Nf6 3. b3 Bf5 4. Bb2 e6 5. Bd3 Bg6 6. Bxg6 hxg6 7. O-O Bd6 8. h3 Nbd7 9. c4 c6 10. Nc3 Qe7 11. Rc1 O-O 12. Qe2 Ba3 13. d4 a5 14.
Rfe1 Rfe8 15. Rc2 Bxb2 16. Rxb2 e5 17. dxe5 Nxe5 18. cxd5 cxd5 19. Rd2 Red8 20. Red1 Qe6 21. Nxe5 Qxe5 22. Rd4 Rac8 23. Qd3 b6 24. e4 Rxc3 25. Qxc3 Nxe4 26. Qe3 g5 27. Rxe4 1-0

[Event "Late-Titled-Tuesday-Blitz-March-05-2024"]
[Site "Chess.com"]
[Date "2024.03.05"]
[Round "1"]
[White "baag"]
[Black "mbchess97"]
[Result "1-0"]
[WhiteElo "2843"]
[BlackElo "2492"]
[TimeControl "180+1"]
[EndTime "14:04:40 PST"]
[Termination "baag won by resignation"]

1. c4 Nf6 2. g3 e6 3. Bg2 d5 4. Nf3 Be7 5. O-O O-O 6. d4 dxc4 7. Qc2 Nbd7 8. Nbd2 c5 9. Nxc4 cxd4 10. Nxd4 Nb6 11. Nxb6 Qxb6 12. Nb3 e5 13. Be3 Qb4 14. Bc5 Bxc5 15.
Qxc5 Qxc5 16. Nxc5 Rb8 17. Rac1 b6 18. Nd3 e4 19.
Nb4 Be6 20. Nc6 Rbc8 21. Ne7+ Kh8 22. Nxc8 Rxc8 23. Rxc8+ Bxc8 24. Rd1 Bd7 25. Bxe4 g6 26.
Bc6 Be6 27. a3 Kg7 28. f3 Ng8 29. Bd5 Bf5 30. e4 Bc8 31. Rc1 Bd7 32. Rc7 Nf6 33. Rxa7 1-0

[Event "Late-Titled-Tuesday-Blitz-March-05-2024"]
[Site "Chess.com"]
[Date "2024.03.05"]
[Round "1"]
[White "Veleamater"]
[Black "BilicVladimir"]
[Result "0-1"]
[WhiteElo "2325"]
[BlackElo "2629"]
[TimeControl "180+1"]
[EndTime "14:04:44 PST"]
[Termination "BilicVladimir won by resignation"]

1. g3 d5 2. Bg2 c6 3. d3 Nf6 4.
Nf3 Bf5 5. O-O h6 6. h3 e6 7. Nc3 Be7 8. Ne5 Nbd7 9. Nxd7 Qxd7 10. e4 Bh7 11. f4 O-O 12. g4 Qc7 13. Be3 Rfd8 14. e5 d4 15. exf6 Bxf6 16. Bc1 dxc3 17.
b3 Bd4+ 18. Kh1 a5 19. a4 Rd7 20. Qf3 Re8 21. f5 exf5 22. gxf5 Qd6 23. Bf4 Qf6 24. Bg3 Rde7 25. Rae1 Rxe1 26. Bxe1 Qxf5 27. Qxf5 Bxf5 28.
Bg3 g6 29. Bc7 Re2 30. Bxa5 Rxc2 31. Be4 Bxe4+ 32. dxe4 b6 33. Bb4 c5 34. Ba3 Ra2 35.
Bc1 h5 36. Rd1 Re2 37. b4 c2 38. Rd2 Re1+ 39. Kg2 Rxc1 40. a5 Rg1+ 0-1

[Event "Late-Titled-Tuesday-Blitz-March-05-2024"]
[Site "Chess.com"]
[Date "2024.03.05"]
[Round "1"]
[White "lefonghua"]
[Black "MBA_CHESS_2021"]
[Result "1-0"]
[WhiteElo "2609"]
[BlackElo "2300"]
[TimeControl "180+1"]
[EndTime "14:04:44 PST"]
[Termination "lefonghua won by checkmate"]

1. d4 d5 2. c4 c6 3. Nf3 Nf6 4. Nc3 dxc4 5. a4 Bf5 6. Ne5 e6 7.
f3 Bb4 8. e4 Bxe4 9. fxe4 Nxe4 10. Bd2 Bxc3 11. bxc3 Qh4+ 12. g3 Nxg3 13. hxg3 Qxh1 14. Kf2 Qe4 15. Bxc4 O-O 16. Bd3 Qd5 17. Bxh7+ Kxh7 18. Qh5+ Kg8 19. Rh1 Qxh1 20. Qxh1 Na6 21. Qe4 Rad8 22. Qg4 f5 23. Qg6 Rf6 24. Qh5 f4 25. Bxf4 c5 26. Ng4 Rf5 27. Qg6 Rd6 28. Nh6+ Kf8 29. Nxf5 Rb6 30. Qxg7+ Ke8 31. Qe7# 1-0

[Event "Late-Titled-Tuesday-Blitz-March-05-2024"]
[Site "Chess.com"]
[Date "2024.03.05"]
[Round "1"]
[White "ShahMatKanal"]
[Black "stollenmonster"]
[Result "1/2-1/2"]
[WhiteElo "2511"]
[BlackElo "2883"]
[TimeControl "180+1"]
[EndTime "14:04:47 PST"]
[Termination "Game drawn by repetition"]

1. d4 Nf6 2. Nf3 e6 3. c4 d5 4. Nc3 Ne4 5. Qc2 f5 6. Bf4 c6 7.
e3 Be7 8. Bd3 O-O 9. h3 Nd7 10.
O-O-O g5 11. Be5 Qa5 12. Kb1 Bb4 13. Bxe4 fxe4 14. Nxg5 Nxe5 15. dxe5 Bxc3 16. bxc3 h6 17. Nxe4 dxe4 18. Qxe4 Rxf2 19. Qg6+ Kf8 20. Qxh6+ Kg8 21.
Qg6+ Kf8 22. Qh6+ Kg8 23. Qg6+ Kf8 24. Qh6+ 1/2-1/2

[Event "Late-Titled-Tuesday-Blitz-March-05-2024"]
[Site "Chess.com"]
[Date "2024.03.05"]
[Round "1"]
[White "Airquake"]
[Black "AccioChess"]
[Result "1-0"]
[WhiteElo "2672"]
[BlackElo "2392"]
[TimeControl "180+1"]
[EndTime "14:04:49 PST"]
[Termination "Airquake won by resignation"]

1. g3 g6 2. Bg2 Bg7 3. Bf3 Nf6 4. e3 O-O 5. Ne2 d5 6. O-O e5 7.
d4 e4 8. Bg2 h5 9. h3 h4 10. g4 Nh7 11. c4 c6 12. Nbc3 Ng5 13.
cxd5 cxd5 14. Qb3 Nf3+ 15. Bxf3 exf3 16. Nf4 g5 17. Nfxd5 Bxg4 18. hxg4 Qd7 19. Kh2 Nc6 20. Rg1 Kh8 21. Qd1 f5 22. Qxf3 fxg4 23. Qxg4 Rxf2+ 24. Kh1 Qd6 25. Nf4 Nxd4 26. exd4 Qc6+ 27.
d5 Qc4 28. Qxg5 1-0

[Event "Late-Titled-Tuesday-Blitz-March-05-2024"]
[Site "Chess.com"]
[Date "2024.03.05"]
[Round "1"]
[White "masterofpuppets2"]
[Black "SchmakAttack"]
[Result "0-1"]
[WhiteElo "2478"]
[BlackElo "2813"]
[TimeControl "180+1"]
[EndTime "14:04:51 PST"]
[Termination "SchmakAttack won by resignation"]

1. d4 d5 2. c4 e6 3. Nc3 c6 4.
e4 dxe4 5. Nxe4 Bb4+ 6. Nc3 e5 7. Nf3 exd4 8. Qxd4 Qxd4 9. Nxd4 Nf6 10. Bd2 O-O 11.
O-O-O Nbd7 12. Be2 Ne5 13. h3 Re8 14. Rhe1 Bxc3 15. Bxc3 Ne4 16. c5 Nxf2 17. Rd2 Ne4 18. Rdd1 Nxc3 19. bxc3 Be6 20. a3 Bd5 21. g4 g6 22. Nb5 Bb3 23. Nc7 Bxd1 24. Nxe8 Bxe2 25. Nf6+ Kg7 0-1